 Dungeon Crawl Stone Soup version 0.21-a0-404-g291f19a (webtiles) character file.

57 dududu the Insei (level 3, 0/29 HPs)
             Began as a Demigod Transmuter on Oct 31, 2017.
             Killed from afar by Terence (7 damage)
             ... with a wand of flame (?/48)
             ... on level 2 of the Dungeon.
             The game lasted 00:08:38 (1649 turns).

dududu the Insei (Demigod Transmuter)               Turns: 1649, Time: 00:08:38

Health: 0/29       AC:  2    Str: 13    XL:     3   Next: 50%
Magic:  1/8        EV: 12    Int: 19    God:
Gold:   78         SH:  0    Dex: 16    Spells: 2/5 levels left

rFire    . . .     SeeInvis .     - Unarmed
rCold    . . .     Gourm    .   (no shield)
rNeg     . . .     Faith    +   b - +0 robe
rPois    .         Spirit   .   (no helmet)
rElec    .         Reflect  .   (no cloak)
rCorr    .         Harm     .   (no gloves)
MR       .....                  (no boots)
Stlth    +.........             i - amulet of faith
HPRegen  0.09/turn              (no ring)
MPRegen  0.11/turn              (no ring)

@: no status effects
A: high mp 1
a: no special abilities


You were on level 2 of the Dungeon.
You were near starving.

You visited 1 branch of the dungeon, and saw 2 of its levels.

You collected 78 gold pieces.

Inventory:

Missiles
 a - 26 arrows
 j - 35 stones (quivered)
Armour
 b - a +0 robe (worn)
 q - a +0 ring mail
Jewellery
 i - an amulet of faith (around neck)
 k - an uncursed amulet of magic regeneration {unknown}
 n - an uncursed ring of protection from cold {unknown}
Scrolls
 g - a scroll of identify {unknown}
 m - a scroll of magic mapping {unknown}
 o - a scroll of teleportation {unknown}
 p - a scroll of recharging {unknown}
Potions
 e - 4 potions of curing {unknown}
Books
 c - a book of Changes

   Spells                             Type                      Level
   a - Beastly Appendage              Transmutation                1
   b - Sticks to Snakes               Transmutation                2
   c - Spider Form                    Transmutation/Poison         3
   d - Ice Form                       Ice/Transmutation            4
   e - Blade Hands                    Transmutation                5
Comestibles
 d - a bread ration
 h - a meat ration
 l - 3 fruits


   Skills:
 + Level 2.0 Fighting
 - Level 1.7 Dodging
 + Level 3.3 Unarmed Combat
 - Level 1.7 Spellcasting
 + Level 2.5 Transmutations


You had 2 spell levels left.
You knew the following spells:

 Your Spells              Type           Power        Failure   Level  Hunger
a - Beastly Appendage     Tmut           ##....       6%          1    #......
b - Sticks to Snakes      Tmut           ##......     9%          2    ###....


Dungeon Overview and Level Annotations

Branches:
Dungeon (2/15)

Annotations:
D:2 Jessica, Terence


Innate Abilities, Weirdness & Mutations

You have an increased reservoir of magic. (+10% MP)


Message History

Your ball python closely misses Terence. x2
There is a stone staircase leading up here.
Casting: Sticks to Snakes
Confirm with . or Enter, or press ? or * to list all spells.
You create a snake!
You now have 26 arrows.
Your ball python bites Terence but does no damage.
Your ball python closely misses Terence.
Your ball python bites Terence but does no damage.
Your ball python grabs Terence.
Your ball python constricts Terence.
Your ball python bites Terence but does no damage.
Terence struggles to escape constriction.
Your ball python bites Terence but does no damage.
Your ball python constricts Terence.
Your ball python bites Terence but does no damage.
Terence struggles to escape constriction.
Your ball python bites Terence but does no damage.
Your ball python constricts Terence.
Your ball python bites Terence but does no damage.
Terence zaps a wand.
The puff of flame hits you!
You die...

#...##.........##.. ......>....
#.................. #...######..
#.##..##.....##..###..# ###
#....###..#..###.##..#
#.#..##..###..##.#..# #..#####
##.#......###.......# #..$....
...#####...#..##....####.....####
.### #......#.S........# .#
##.######.@##.##### .## #..#
##S.# .. >.#####.######S@.# ##
...............#.##
.#.##..#######....# ...###..#
#.......### #### ##.###.###.....#
# #..##.##....#.####### #
##.#........#.......#####


You could see Terence, a friendly adder and 2 friendly ball pythons.

Vanquished Creatures
  An adder (D:2)
  An ooze (D:2)
  3 dart slugs
  2 leopard geckos
  2 ball pythons (D:2)
  A bat (D:2)
  A giant cockroach (D:2)
  4 goblins
  3 hobgoblins (D:1)
  A quokka (D:2)
  2 frilled lizards (D:2)
  4 kobolds
  5 rats
30 creatures vanquished.

Vanquished Creatures (collateral kills)
  An adder (D:2)
  2 worms (D:2)
3 creatures vanquished.

Grand Total: 33 creatures vanquished

Notes
Turn   | Place    | Note
-------+----------+-------------------------------------------
     0 | D:1      | dududu the Demigod Transmuter began the quest for the Orb.
     0 | D:1      | Reached XP level 1. HP: 15/15 MP: 5/5
    53 | D:1      | Reached skill level 1 in Fighting
   241 | D:1      | Reached XP level 2. HP: 23/23 MP: 5/7
   245 | D:1      | Learned a level 2 spell: Sticks to Snakes
   474 | D:1      | Reached skill level 3 in Unarmed Combat
   544 | D:2      | Found a shadowy altar of Dithmenos.
   788 | D:2      | Reached XP level 3. HP: 23/29 MP: 3/8
   841 | D:2      | Found a hide-covered altar of Uskayaw.
   842 | D:2      | Found a burning altar of Makhleb.
   907 | D:2      | Found a shimmering altar of Xom.
   907 | D:2      | Found an ancient bone altar of Kikubaaqudgha.
   908 | D:2      | Found a white marble altar of Elyvilon.
   953 | D:2      | Noticed Jessica
  1401 | D:2      | Noticed Terence
  1649 | D:2      | Killed from afar by Terence

Vault maps used:
D:1:      minmay_arrival_doors
D:2:      nicolae_dithmenos_shadow_blocks, gammafunk_temple_overflow_pools,
          gammafunk_temple_overflow_forgotten, minmay_unequal, uniq_terence,
          uniq_jessica

Skill      XL: |  1  2  3 |
---------------+----------+-----
Fighting       | 1 2 |  2.0
Transmutations | 2 |  2.5
Unarmed Combat | 3 |  3.3
Dodging        | |  1.7
Spellcasting   | |  1.7

Action                   || total
-------------------------++-------
Melee: Unarmed           ||    78
       Headbutt          ||     8
       Kick              ||     5
Throw: Stone             ||     4
 Cast: Beastly Appendage ||    21
       Sticks to Snakes  ||    14
 Stab: Sleeping          ||     3
  Eat: Chunk             ||     2
Armor: Robe              ||    12
Dodge: Dodged            ||    34

Table legend:
 A = Spawn XP
 B = Non-spawn XP
 C = Spawn XP percentage of total XP
 D = Spawn monster count
 E = Non-spawn monster count
 F = Spawn count percentage of total count
 G = Total turns spent on level
                    A         B        C        D         E        F      G
               +---------+---------+-------+---------+---------+-------+---------
         Total |       0 |      82 |   0.0 |       0 |      33 |   0.0 |  1649
               +---------+---------+-------+---------+---------+-------+---------
           D:1 |       0 |      27 |   0.0 |       0 |      14 |   0.0 |   723
           D:2 |       0 |      55 |   0.0 |       0 |      19 |   0.0 |   926
               +---------+---------+-------+---------+---------+-------+---------
